 Dungeon Crawl Stone Soup version 0.26-a0-663-g36e8fdb655 (webtiles) character file.

Game seed: 4143531909118061784

51 somkeydreadnuts the Shield-Bearer (level 3, -6/34 HPs)
             Began as a Deep Dwarf Fighter on Oct 12, 2020.
             Mangled by a kobold
             ... wielding a +2 dagger of electrocution
              (11 damage)
             ... on level 2 of the Dungeon.
             The game lasted 00:04:07 (784 turns).

somkeydreadnuts the Shield-Bearer (DDFi)             Turns: 784, Time: 00:04:08

Health: -6/34      AC:  8    Str: 20    XL:     3   Next: 58%
Magic:  3/3        EV:  7    Int:  8    God:
Gold:   84         SH:  9    Dex: 12    Spells: 2/2 levels left

rFire    . . .     SeeInvis .   a - +0 war axe
rCold    . . .     Faith    .   c - +0 kite shield
rNeg     . . .     Spirit   .   b - +0 scale mail
rPois    .         Reflect  .   (no helmet)
rElec    .         Harm     .   j - +0 cloak
rCorr    .         Rampage  .   (no gloves)
MR       .....                  (no boots)
Stlth    ..........             (no amulet)
HPRegen  0.00/turn              (no ring)
MPRegen  0.08/turn              (no ring)

@: non-regenerating
A: damage resistance, heal wounds, sense surroundings 1, no regeneration
a: Heal Wounds


You were on level 2 of the Dungeon.
You visited 1 branch of the dungeon, and saw 2 of its levels.

You collected 84 gold pieces.

Inventory:

Hand Weapons
 a - a +0 war axe (weapon)
Armour
 b - a +0 scale mail (worn)
 c - a +0 kite shield (worn)
 j - a +0 cloak (worn)
Scrolls
 e - a scroll of immolation {unknown}
 f - 2 scrolls of identify {unknown}
 g - 3 scrolls of remove curse {unknown}
 i - a scroll of enchant weapon {unknown}
 l - a scroll of teleportation {unknown}
Potions
 d - a potion of might
 h - a potion of ambrosia {unknown}
 k - a potion of haste {unknown}


   Skills:
 + Level 3.0 Fighting
 + Level 2.9 Axes
 + Level 3.7 Armour
 + Level 0.5 Dodging
 + Level 3.9 Shields


You had 2 spell levels left.
You didn't know any spells.
Your spell library was empty.

Dungeon Overview and Level Annotations

Branches:
Dungeon (2/15)

Altars:

Annotations:
D:2 Jessica


Innate Abilities, Weirdness & Mutations

You are resistant to damage.
You can heal yourself by infusing magical energy.
You passively map a small area around you.
You do not regenerate.


Message History

Jessica is severely wounded.
You block Jessica's attack.
You closely miss Jessica.
Jessica is severely wounded.
Jessica hits you but does no damage. x2
You closely miss Jessica.
Jessica is severely wounded.
Jessica hits you.
Your shield and scale mail prevent you from hitting Jessica.
Jessica is severely wounded.
Jessica looks very angry.
You block Jessica's attack.
You hit Jessica.
Jessica is almost dead.
Jessica casts a spell at you. Pain shoots through your body!
Jessica gestures wildly while chanting.
Jessica blinks!
The kobold hits you but does no damage.
You are electrocuted!
You die...

* * * * # ### ,
,....######## * *
* , ..[##.....#
## * ##.##....@#
...# ..........#
#...##.##...†.# *
#.#....##..<..# ,
#......K@....>##*
* *
......#.#####.# ,
#.....#.# *#.# ,,
....l ..., #.. ,
** * #.....#.#*
.... , , , ,
#.....#.. ..... *
.....,..# ##...
*### ## * , , ,


You could see Jessica and a kobold.

Vanquished Creatures
  An adder (D:2)
  A dart slug (D:2)
  3 leopard geckos
  3 giant cockroaches (D:1)
  6 goblins (D:1)
  5 hobgoblins (D:1)
  3 jackals (D:1)
  A ball python (D:1)
  4 bats (D:1)
  A frilled lizard (D:1)
  2 kobolds (D:1)
  2 rats (D:1)
32 creatures vanquished.

Notes
Turn   | Place    | Note
-------+----------+-------------------------------------------
     0 | D:1      | somkeydreadnuts the Deep Dwarf Fighter began the quest for
                  | the Orb.
     0 | D:1      | Reached XP level 1. HP: 20/20 MP: 1/1
    75 | D:1      | Reached XP level 2. HP: 19/28 MP: 2/2
   340 | D:1      | Reached XP level 3. HP: 23/34 MP: 3/3
   772 | D:2      | Noticed Jessica
   784 | D:2      | Mangled by a kobold

Illustrated notes

Levels and vault maps discovered:
D:1:      dpeg_arrival_pits, layout_basic
D:2:      layout_loops_cross, xom_teletrap_fun, uniq_jessica

Skill      XL: |  1 |
---------------+----+-----
Fighting       | 3 |  3.0
Axes           | |  2.9
Armour         | |  3.7
Dodging        | |  0.5
Shields        | |  3.9

Action                   || total
-------------------------++-------
Melee: War axe           ||    95
Armor: Scale mail        ||    42
Dodge: Dodged            ||    31
Block: Kite shield       ||    61

Table legend: (Time is in decaauts)
 A = Elapsed time spent in this place.
 B = Non-inter-level travel time spent in this place.
 C = Inter-level travel time spent in this place.
 D = Time resting spent in this place.
 E = Time spent auto-exploring this place.
 F = Levels seen in this place.
 G = Mean time per level.
                   A        B        C        D        E       F      G
               +--------+--------+--------+--------+--------+-----+--------+
         Total |    826 |    749 |     77 |      0 |    499 |   2 |  413.0 |
       Dungeon |    826 |    749 |     77 |      0 |    499 |   2 |  413.0 |
               +--------+--------+--------+--------+--------+-----+--------+

Top non-repeatable levels by time:
     D:1: 788 daAuts
     D:2: 37 daAuts
